 Dungeon Crawl Stone Soup version 0.20.1-1-g8b1a95d66d (webtiles) character file.

985 Terry the Sneak (level 8, -1/51 HPs)
             Began as an Octopode Venom Mage on Oct 25, 2017.
             Was an Initiate of Yredelemnul.
             Succumbed to a water moccasin's poison
             ... on level 7 of the Dungeon on Nov 15, 2017.
             The game lasted 01:15:33 (2865 turns).

Terry the Sneak (Octopode Venom Mage)               Turns: 2865, Time: 01:15:33

Health: -1/51      AC:  1    Str:  7    XL:     8   Next: 18%
Magic:  21/21      EV: 15    Int: 18    God:    Yredelemnul [......]
Gold:   137        SH:  0    Dex: 14    Spells: 2/13 levels left

rFire    . . .     SeeInvis .   u - +2 hand axe (flame)
rCold    . . .     Gourm    .   (no shield)
rNeg     . . .     Faith    .   (helmet restricted)
rPois    .         Spirit   .   (no amulet)
rElec    .         Reflect  .   f - +1 ring of evasion
rCorr    .         Harm     .   I - ring of magical power
MR       .....                  (no ring)
Stlth    ++++......             (no ring)
Regen    0.2/turn               (no ring)
MPRegen  0.2/turn               (no ring)
                                (no ring)
                                (no ring)

@: lethally poisoned (-1 -> -17)
A: almost no armour, stealthy swim, amphibious, 8 rings, constrict 8, camouflage
1, gelatinous body 1
a: Renounce Religion


You were on level 7 of the Dungeon.
You worshipped Yredelemnul.
Yredelemnul was noncommittal.
You were not hungry.

You visited 2 branches of the dungeon, and saw 8 of its levels.

You collected 137 gold pieces.

Inventory:

Hand Weapons
 d - a +1 short sword of protection
 p - a +0 trident
 q - a +0 blowgun
 t - a cursed +0 giant club
 u - a +2 hand axe of flaming (weapon)
 B - a +0 giant club
 M - a +0 rapier
Missiles
 e - 44 sling bullets
 g - 6 javelins (quivered)
 r - 13 poisoned needles
Armour
 k - a +0 scale mail
 l - a +0 robe of magic resistance
 v - a +2 helmet
Jewellery
 f - a +1 ring of evasion (left tentacle)
 I - a ring of magical power (right tentacle)
Scrolls
 h - a scroll of magic mapping
 j - 4 scrolls of remove curse
 n - 2 scrolls of noise
 w - a scroll of enchant armour {unknown}
 x - 5 scrolls of amnesia {unknown}
 y - 2 scrolls of immolation {unknown}
 H - a scroll of teleportation
Potions
 c - a potion of agility
 i - a potion of haste {unknown}
 m - a potion of degeneration {unknown}
 o - a potion of curing {unknown}
 s - a potion of berserk rage {unknown}
 z - a potion of mutation {unknown}
 F - a potion of magic {unknown}
 J - a potion of heal wounds {unknown}
Books
 a - a Young Poisoner's Handbook

   Spells                             Type                      Level
   a - Sting                          Conjuration/Poison           1
   b - Poisonous Vapours              Poison/Air                   2
   c - Mephitic Cloud                 Conjuration/Poison/Air       3
   d - Olgreb's Toxic Radiance        Poison                       4
   e - Venom Bolt                     Conjuration/Poison           5
 D - a book of Minor Magic

   Spells                             Type                      Level
   a - Magic Dart                     Conjuration                  1
   b - Blink                          Translocation                2
   c - Call Imp                       Summoning                    2
   d - Slow                           Hexes                        2
   e - Conjure Flame                  Conjuration/Fire             3
   f - Mephitic Cloud                 Conjuration/Poison/Air       3
 G - a book of Conjurations

   Spells                             Type                      Level
   a - Magic Dart                     Conjuration                  1
   b - Searing Ray                    Conjuration                  2
   c - Dazzling Spray                 Conjuration/Hexes            3
   d - Fulminant Prism                Conjuration/Hexes            4
   e - Force Lance                    Conjuration/Translocation    4
   f - Iskenderun's Mystic Blast      Conjuration                  4
 L - a book of Battle

   Spells                             Type                      Level
   a - Infusion                       Charms                       1
   b - Shroud of Golubria             Charms/Translocation         2
   c - Song of Slaying                Charms                       2
   d - Spectral Weapon                Hexes/Charms                 3
   e - Regeneration                   Charms/Necromancy            3
Comestibles
 b - 2 bread rations
 A - 2 fruits
 C - a meat ration
 E - 2 royal jellies
 K - 2 chunks of flesh


   Skills:
 + Level 2.8 Fighting
 + Level 2.7 Short Blades
 + Level 3.6 Axes
 + Level 1.6 Throwing
 + Level 3.0 Dodging
 + Level 6.5 Stealth
 + Level 3.3 Spellcasting
 + Level 2.0 Conjurations
 + Level 5.1 Poison Magic


You had 2 spell levels left.
You knew the following spells:

 Your Spells              Type           Power        Failure   Level  Hunger
a - Sting                 Conj/Pois      ###.         3%          1    None
b - Olgreb's Toxic Radia  Pois           ###.....     19%         4    ####...
c - Venom Bolt            Conj/Pois      ###.......   69%         5    ######.
d - Magic Dart            Conj           ##..         7%          1    None


Dungeon Overview and Level Annotations

Branches:
Dungeon (7/15)             Temple (1/1) D:5

Altars:
Ashenzari
Dithmenos
Fedhas
Gozag
Nemelex Xobeh
Ru
Uskayaw
Vehumet
Xom
Yredelemnul
Zin

Shops:
D:6 *


Innate Abilities, Weirdness & Mutations

You cannot wear most types of armour.
You are very stealthy in the water. (Stealth+)
You are amphibious.
You can wear up to eight rings at the same time.
You can use your tentacles to constrict eight enemies at once.
Your skin changes colour to match your surroundings (Stealth+).
Your rubbery body absorbs attacks. (AC +1, EV +1)


Message History

* * * LOW HITPOINT WARNING * * *
You feel sick. The water moccasin barely misses you.
* * * LOW HITPOINT WARNING * * *
You feel sick. The water moccasin closely misses you.
Okay, then.
You closely miss the water moccasin. Your grab misses the water moccasin.
The water moccasin is heavily wounded.
* * * LOW HITPOINT WARNING * * *
You feel sick. The water moccasin bites you!
* * * LOW HITPOINT WARNING * * *
You hit the water moccasin. You burn the water moccasin.
Your grab misses the water moccasin.
The water moccasin is severely wounded.
* * * LOW HITPOINT WARNING * * *
You feel sick.
The water moccasin barely misses you. x2
You barely miss the water moccasin. Your grab misses the water moccasin.
You squeeze the water moccasin.
The water moccasin is severely wounded.
You die...
Your body rises from the dead as a mindless zombie.

#####################
#..S@................
.......$.........#.###.##
......##########.#.# #.#
..<... #.#.# #.# .....
#.#.# #.# ..(..
#.#.###.## ....
.........# #... ..#.#
#<.# #..#


You could see a water moccasin.

Vanquished Creatures
  A sky beast (D:6)
  A phantom (D:7)
  2 ogres
  2 bullfrogs (D:6)
  2 scorpions
  2 crimson imps (D:5)
  2 hounds (D:5)
  Terence (D:3)
  An iguana (D:5)
  5 worker ants
  A worker ant zombie (D:5)
  3 adders
  A shadow imp (D:5)
  An ooze (D:2)
  A worm (D:2)
  A dart slug (D:1)
  7 orcs
  4 giant cockroaches
  2 goblins (D:2)
  2 hobgoblins (D:1)
  4 jackals (D:1)
  3 kobolds
  A quokka (D:2)
  A ball python (D:5)
  2 bats (D:1)
  2 jackal skeletons (D:4)
  4 rats
59 creatures vanquished.

Notes
Turn   | Place    | Note
-------+----------+-------------------------------------------
     0 | D:1      | Terry the Octopode Venom Mage began the quest for the Orb.
     0 | D:1      | Reached XP level 1. HP: 11/11 MP: 3/3
   156 | D:1      | Reached XP level 2. HP: 7/17 MP: 3/5
   427 | D:1      | Reached skill level 3 in Stealth
   524 | D:2      | Found a sparkling altar of Nemelex Xobeh.
   531 | D:2      | Reached XP level 3. HP: 21/21 MP: 6/6
   723 | D:3      | Noticed Terence
   736 | D:3      | Killed Terence
   736 | D:3      | Reached skill level 1 in Short Blades
   736 | D:3      | Reached skill level 4 in Stealth
   736 | D:3      | Reached XP level 4. HP: 16/27 MP: 7/7
   769 | D:3      | Upgraded the game from 0.20.1-1-g8b1a95d to 0.20.1-1-g8b1a95d66d
   809 | D:4      | Noticed an ogre
   820 | D:4      | Killed an ogre
   820 | D:4      | Reached skill level 1 in Fighting
   820 | D:4      | Reached skill level 5 in Stealth
   820 | D:4      | Reached XP level 5. HP: 19/33 MP: 2/8
   851 | D:4      | Reached skill level 1 in Throwing
   851 | D:4      | Reached XP level 6. HP: 20/38 MP: 2/9
   901 | D:4      | Learned a level 4 spell: Olgreb's Toxic Radiance
   967 | D:5      | Entered Level 5 of the Dungeon
   992 | D:5      | Reached skill level 6 in Stealth
  1049 | D:5      | Noticed an ice beast
  1688 | D:5      | Found a staircase to the Ecumenical Temple.
  1695 | Temple   | Entered the Ecumenical Temple
  2131 | Temple   | Became a worshipper of Yredelemnul the Dark
  2162 | D:5      | Reached XP level 7. HP: 37/43 MP: 9/11
  2163 | D:5      | Found a hide-covered altar of Uskayaw.
  2175 | D:5      | Reached skill level 1 in Axes
  2262 | D:5      | Learned a level 5 spell: Venom Bolt
  2380 | D:6      | Learned a level 1 spell: Magic Dart
  2504 | D:6      | Found Leum's Assorted Antiques.
  2518 | D:6      | Reached skill level 5 in Poison Magic
  2698 | D:6      | Found a shattered altar of Ashenzari.
  2737 | D:6      | Reached XP level 8. HP: 45/51 MP: 12/12
  2864 | D:7      | HP: 1/51 [poisoned by a water moccasin]
  2865 | D:7      | Succumbed to a water moccasin's poison

Skill      XL: |  1  2  3  4  5  6  7  8 |
---------------+-------------------------+-----
Poison Magic   | 4 5 |  5.1
Stealth        | 3 4 5 6 |  6.5
Short Blades   | 1 2 |  2.7
Fighting       | 1 2 |  2.8
Throwing       | 1 |  1.6
Axes           | 3 |  3.6
Dodging        | 3 |  3.0
Spellcasting   | 3 |  3.3
Conjurations   | 2 |  2.0

Action                   |  1- 3 |  4- 6 |  7- 9 || total
-------------------------+-------+-------+-------++-------
Melee: Short sword       |    56 |    15 |       ||    71
       Unarmed           |     8 |       |       ||     8
       Tentacles         |    17 |    11 |    10 ||    38
       Constrict         |    13 |    10 |     9 ||    32
       Hand axe          |       |    27 |    58 ||    85
Throw: Javelin           |     4 |     6 |     4 ||    14
 Cast: Sting             |     6 |    24 |    11 ||    41
       Olgreb's Toxic Ra |       |     1 |     4 ||     5
  Use: Scroll            |     4 |     2 |       ||     6
 Stab: Sleeping          |     8 |     3 |     1 ||    12
  Eat: Chunk             |       |     2 |     3 ||     5
       Royal jelly       |       |     1 |       ||     1
       Fruit             |       |       |     1 ||     1
Armor: Skin              |    15 |     4 |     1 ||    20
Dodge: Dodged            |    36 |    21 |    41 ||    98
